 Dungeon Crawl Stone Soup version 0.19.0-24-gb05acd6 (webtiles) character file.

144 HarryHood the Cudgeler (level 5, -6/48 HPs)
             Began as a Minotaur Berserker on Nov 21, 2016.
             Was a Believer of Trog.
             Mangled by a gnoll sergeant
             ... wielding a cursed +0 spear
              (10 damage)
             ... on level 3 of the Dungeon.
             The game lasted 00:10:23 (1632 turns).

HarryHood the Cudgeler (Minotaur Berserker)         Turns: 1632, Time: 00:10:23

Health: -6/48      AC:  5    Str: 22    XL:     5   Next: 5%
Magic:  4/4        EV: 11    Int:  4    God:    Trog [**....]
Gold:   93         SH:  0    Dex: 10    Spells: 0 memorised, 4 levels left

rFire  . . .     SeeInvis .     a - +1 mace
rCold  + . .     Gourm    .     n - +0 ring mail
rNeg   . . .     Faith    .     (no shield)
rPois  .         Spirit   .     (helmet restricted)
rElec  .         Reflect  .     (no cloak)
rCorr  .         Harm     .     (no gloves)
MR     +....                    (no boots)
Stlth  ..........               (no amulet)
                                m - ring of protection from cold
                                k - ring of protection from magic

@: drained
A: retaliatory headbutt, horns 2
a: Berserk, Trog's Hand, Burn Spellbooks, Renounce Religion


You were on level 3 of the Dungeon.
You worshipped Trog.
Trog was pleased with you.
You were hungry.

You visited 1 branch of the dungeon, and saw 3 of its levels.

You collected 93 gold pieces.

Inventory:

Hand Weapons
 a - a +1 mace (weapon)
Missiles
 b - 41 stones (quivered)
Armour
 n - a +0 ring mail (worn)
Jewellery
 k - a ring of protection from magic (left hand)
 m - a ring of protection from cold (right hand)
 t - an uncursed ring of protection from fire {unknown}
Wands
 q - a wand of paralysis (10/24)
Scrolls
 d - a scroll of identify
 e - a scroll of noise {unknown}
Potions
 i - 2 potions of curing
Comestibles
 c - a bread ration
 g - 3 slices of pizza
 o - a meat ration
 p - 10 chunks of flesh


   Skills:
 * Level 5.1(4.8) Fighting
 - Level 5.9(5.6) Maces & Flails
 - Level 2.4(2.1) Armour
 - Level 2.1(1.8) Dodging


You had 4 spell levels left.
You didn't know any spells.

Dungeon Overview and Level Annotations

Branches:
Dungeon (3/15)

Altars:
Sif Muna


Innate Abilities, Weirdness & Mutations

You reflexively headbutt those who attack you in melee.
You have a pair of horns on your head.


Message History

You are feeling hungry.
The gnoll sergeant hits you with a spear!
You hit the gnoll sergeant.
The gnoll sergeant is heavily wounded.
The gnoll sergeant hits you with a spear!
You hit the gnoll sergeant.
Your headbutt misses the gnoll sergeant.
The gnoll sergeant is heavily wounded.
The gnoll sergeant hits you with a spear!
* * * LOW HITPOINT WARNING * * *
Some of the chunks of flesh in your inventory have rotted away.
You barely miss the gnoll sergeant.
Your headbutt misses the gnoll sergeant.
The gnoll sergeant is heavily wounded.
The gnoll sergeant hits you with a spear!
* * * LOW HITPOINT WARNING * * *
The gnoll sergeant hits you with a spear.
* * * LOW HITPOINT WARNING * * *
The gnoll sergeant hits you from afar with a spear!
You die...

######..........#
................#
................#
................#
........#########
........#8888888#
........#8..8..8#
........#8g≈.≈.8#
........@.8.≈(88#
........#8.≈.≈.8#
........#8..8..8#
........#8888888#
........#########
#########


You could see a gnoll sergeant.

Vanquished Creatures
  2 orc wizards (D:3)
  3 adders
  An ooze (D:2)
  2 worms
  A dart slug (D:2)
  A leopard gecko (D:2)
  5 orcs (D:3)
  A giant cockroach (D:3)
  3 goblins
  6 hobgoblins
  3 jackals (D:2)
  3 ball pythons
  8 bats
  2 frilled lizards (D:2)
  2 kobolds
  4 rats
47 creatures vanquished.

Notes
Turn   | Place    | Note
-------+----------+-------------------------------------------
     0 | D:1      | HarryHood the Minotaur Berserker began the quest for the Orb.
     0 | D:1      | Reached XP level 1. HP: 19/19 MP: 0/0
   437 | D:2      | Reached XP level 2. HP: 15/26 MP: 1/1
   633 | D:2      | Reached skill level 5 in Maces & Flails
   675 | D:2      | Reached XP level 3. HP: 31/31 MP: 2/2
   744 | D:2      | HP: 1/31 [adder (2)]
   753 | D:2      | Reached ** piety under Trog
  1347 | D:3      | Reached XP level 4. HP: 39/39 MP: 3/3
  1417 | D:3      | Found a deep blue altar of Sif Muna.
  1466 | D:3      | Reached skill level 5 in Fighting
  1579 | D:3      | Reached XP level 5. HP: 39/48 MP: 4/4
  1632 | D:3      | Mangled by a gnoll sergeant

Skill      XL: |  1  2  3  4 |
---------------+-------------+-----
Maces & Flails | 4 5 |  5.9
Fighting       | 5 |  5.1
Armour         | |  2.4
Dodging        | |  2.1

Action                   |  1- 3 |  4- 6 || total
-------------------------+-------+-------++-------
Melee: Mace              |    75 |    26 ||   101
       Headbutt          |     4 |     5 ||     9
Invok: Burn Spellbooks   |     1 |       ||     1
       Berserk           |     1 |       ||     1
  Use: Scroll            |     7 |       ||     7
       Potion            |     2 |       ||     2
  Eat: Chunk             |     3 |       ||     3
Armor: Animal skin       |     3 |       ||     3
       Ring mail         |    23 |     7 ||    30
Dodge: Dodged            |    46 |    27 ||    73
